 Dungeon Crawl Stone Soup version 0.32-a0-837-g8d3e27d251 (webtiles) character file.

Game seed: 2865924824755706124

7 Ajdolov the Covered (level 1, -3/19 HPs)
             Began as an Armataur Fighter on Mar 26, 2024.
             Succumbed to a goblin's poison
             ... on level 1 of the Dungeon.
             The game lasted 00:00:19 (160 turns).

Ajdolov the Covered (Armataur Fighter)               Turns: 160, Time: 00:00:20

Health: -3/19      AC:  6    Str: 21    XL:     1   Next: 83%
Magic:  1/1        EV:  6    Int:  8    God:
Gold:   15         SH:  4    Dex:  9    Spells: 0/0 levels left

rFire   . . .        a - +0 flail
rCold   . . .        c - +0 buckler
rNeg    . . .        b - +0 scale mail
rPois   .            (no helmet)
rElec   .            (no cloak)
rCorr   .            (no gloves)
SInv    .            (no barding)
Will    .....        (no amulet) Stlth
                     (no ring)
HPRegen 0.23/turn    (no ring)
MPRegen 0.40/turn

%: roll
@: lethally poisoned (-3 -> -31)
A: large, deformed body, tough skin 3, armoured tail, rollpage 1
a: no special abilities


You were on level 1 of the Dungeon.
You visited 1 branch of the dungeon, and saw 1 of its levels.

You collected 15 gold pieces.

Inventory:

Hand Weapons
 a - a +0 flail (weapon)
Armour
 b - a +0 scale mail (worn)
 c - a +0 buckler (worn)
Jewellery
 e - an amulet of faith
 f - a ring of fire
Potions
 d - a potion of might


   Skills:
 + Level 3.1 Fighting
 - Level 1.7 Maces & Flails
 - Level 3.6 Armour
 - Level 3.2 Shields


You couldn't memorise any spells.
You didn't know any spells.
Your spell library contained the following spells:

 Spells                   Type           Power      Damage    Failure   Level
 Ensorcelled Hibernation  Hex/Ice        0%         N/A       91%         2
 Jinxbite                 Hex            0%         N/A       91%         2
 Inner Flame              Hex/Fire       0%         N/A       99%         3
 Passwall                 Erth           0%         N/A       99%         3
 Swiftness                Air            0%         N/A       99%         3


Dungeon Overview and Level Annotations

Branches:
Dungeon (1/15)

Altars:


Innate Abilities, Weirdness & Mutations

Armour fits poorly on your strangely shaped body.
You have extremely tough skin. (AC +3)
You have a long armoured tail.
You regenerate magic when rolling toward enemies. (Rampage MPRegen)


Message History

The giant cockroach bites you but does no damage.
You hit the giant cockroach but do no damage.
The giant cockroach is almost dead.
The giant cockroach barely misses you.
The giant cockroach bites you but does no damage.
You hit the giant cockroach.
You kill the giant cockroach!
f - a ring of fire You pick up a book of Burglary and begin reading...
You add the spells Swiftness and Passwall to your library.
Found a stone staircase leading down.
A goblin comes into view. It is wielding a +0 dagger of venom.
The goblin shouts!
You roll towards the goblin!
You hit the goblin.
The goblin is heavily wounded.
The goblin hits you but does no damage.
You are poisoned.
You block the goblin's attack.
You barely miss the goblin.
The goblin is heavily wounded.
You feel very sick. The goblin hits you but does no damage.
You are lethally poisoned!
You hit the goblin but do no damage.
The goblin is heavily wounded.
You feel very sick. You block the goblin's attack.
You hit the goblin.
The goblin is severely wounded.
You feel very sick. The goblin hits you but does no damage.
You are more poisoned.
The goblin hits you with a +0 dagger of venom.
* * * LOW HITPOINT WARNING * * *
You are more poisoned.
You closely miss the goblin.
You tail-slap the goblin, but do no damage.
The goblin is severely wounded.
You die...

.# #########........# #.#######
.# #...........#.#..# ........
.#####...........#.#..#####.....#
.......................>..#..#..#
..####...........#.#.#####..#.#..
....##############.........#...#.
.##.# #....#####.....#
.##.###############.#..#.........
.#.............g@....#..#........
.#....#############..#..#....<...
##.##.######## #....#....(....
#...........# #...#####.....#
#####...####.# #........#...#.
#.....#......######..#####..#.#..
#.###..†.†.......##..# ##..#..#
#.............#..# #....##
##............#..######.#####


You could see a goblin.

Vanquished Creatures
  A ball python (D:1)
  An endoplasm (D:1)
  2 giant cockroaches (D:1)
  A frilled lizard (D:1)
  A rat (D:1)
6 creatures vanquished.

Notes
Turn   | Place    | Note
-------+----------+-------------------------------------------
     0 | D:1      | Ajdolov the Armataur Fighter began the quest for the Orb.
     0 | D:1      | Reached XP level 1. HP: 18/18 MP: 1/1
    93 | D:1      | Got the Cyclopedia of Absolutism
   160 | D:1      | Succumbed to a goblin's poison

Illustrated notes

Levels and vault maps discovered:
D:1:      scummos_arrival_star, layout_basic

Skill      XL: |  1 |
---------------+----+-----
Fighting       | 3 |  3.1
Maces & Flails | |  1.7
Armour         | |  3.6
Shields        | |  3.2

Action                     || total
---------------------------++-------
  Melee: Flail             ||    19
         Tailslap          ||     4
 Armour: Scale mail        ||    12
  Dodge: Dodged            ||     4
  Block: Buckler           ||     5

Table legend: (Time is in decaauts)
 A = Elapsed time spent in this place.
 B = Non-inter-level travel time spent in this place.
 C = Inter-level travel time spent in this place.
 D = Time resting spent in this place.
 E = Time spent auto-exploring this place.
 F = Levels seen in this place.
 G = Mean time per level.
                   A        B        C        D        E       F      G
               +--------+--------+--------+--------+--------+-----+--------+
         Total |    166 |    166 |      0 |      0 |    115 |   1 |  166.0 |
       Dungeon |    166 |    166 |      0 |      0 |    115 |   1 |  166.0 |
               +--------+--------+--------+--------+--------+-----+--------+

Top non-repeatable levels by time:
     D:1: 166 daAuts
